 Dungeon Crawl Stone Soup version 0.25.0-10-g039870ee82 (webtiles) character file.

Game seed: 579092230260346128

12 Aviak the Digger (level 2, -2/22 (23) HPs)
             Began as a Ghoul Earth Elementalist on June 23, 2020.
             Slain by a kobold (3 damage)
             ... on level 1 of the Dungeon.
             The game lasted 00:00:40 (390 turns).

Aviak the Digger (Ghoul Earth Elementalist)          Turns: 390, Time: 00:00:40

HP:   -2/22 (23)    AC:  2    Str: 11    XL:     2   Next: 33%
MP:   1/3           EV: 12    Int: 10    God:
Gold: 0             SH:  0    Dex:  9    Spells: 3/4 levels left

rFire    . . .     SeeInvis .     - Unarmed
rCold    + . .     Gourm    .   (no shield)
rNeg     + + +     Faith    .   c - +0 robe
rPois    ∞         Spirit   .   (no helmet)
rElec    .         Reflect  .   (no cloak)
rCorr    .         Harm     .   (no gloves)
MR       .....                  (no boots)
Stlth    ++........             (no amulet)
HPRegen  0.00/turn              (no ring)
MPRegen  0.08/turn              (no ring)

@: rotting
A: rotting body, claws 1, carnivore, cold resistance 1, negative energy
resistance 3, inhibited regeneration, torment resistance, unbreathing
a: no special abilities


You were on level 1 of the Dungeon.
You were not hungry.

You visited 1 branch of the dungeon, and saw 1 of its levels.

Inventory:

Missiles
 b - 25 stones (quivered)
Armour
 c - a +0 robe (worn)
Comestibles
 d - a ration


   Skills:
 + Level 1.0 Fighting
 + Level 2.1 Dodging
 - Level 2.1 Stealth
 + Level 1.1 Unarmed Combat
 - Level 1.7 Spellcasting
   Level 0.8 Transmutations
 - Level 3.2 Earth Magic


You had 3 spell levels left.
You knew the following spells:

 Your Spells              Type           Power        Failure   Level  Hunger
a - Sandblast             Erth           #.....       9%          1    ##.....

Your spell library contained the following spells:

 Spells                   Type           Power        Failure   Level  Hunger
 Passwall                 Tmut/Erth      #.......     21%         2    ###....
 Stone Arrow              Conj/Erth      #.....       43%         3    ####...
 Petrify                  Tmut/Erth      #.......     80%         4    #####..
 Lee's Rapid Deconstruct  Erth           #.........   93%         5    ######.


Dungeon Overview and Level Annotations

Branches:
Dungeon (1/15)

Altars:


Innate Abilities, Weirdness & Mutations

Your body is rotting away.
You thrive on raw meat.
You are immune to poison.
You have sharp fingernails.
You are carnivorous and can eat meat at any time.
Your flesh is cold resistant. (rC+)
You are immune to negative energy. (rN+++)
You do not regenerate when monsters are visible.
You are immune to unholy pain and torment.
You can survive without breathing.


Message History

Aim: a hobgoblin (heavily wounded)
The blast of sand hits the hobgoblin.
You kill the hobgoblin!
b - 26 stones
Things that are here:
a rat skeleton; a jackal skeleton x2
A rat comes into view.
Casting: Sandblast (safe; 9% risk of failure)
Confirm with . or Enter, or press ? or * to list all spells.
Aiming: Sandblast (safe; 9% risk of failure)
Press: ? - help, Shift-Dir - straight line, f - frilled lizard
Aim: a frilled lizard The blast of sand hits the frilled lizard!
You kill the frilled lizard!
b - 25 stones A kobold comes into view.
The kobold shouts!
The kobold barely misses you. The kobold hits you.
You die...

.........
##########.#......
#................
#.#.#>#.#....#+#+
.
#.#.###.#....#...
..
#l...#..........#
...
#...###..l.....##
....###.###
###Kr##..#
........<## ##@.#
.>.. ....#...#.#
##>..# .... #.
#.#.>## #.#.## ...
...#.## ##..# ...
#####÷### ###.#
#...###...#
#....#....#
#.#.###.#.#
#†#.#>#.#.#


You could see a kobold, a frilled lizard and a rat.

Vanquished Creatures
  A goblin (D:1)
  2 hobgoblins (D:1)
  4 jackals (D:1)
  A frilled lizard (D:1)
  3 rats (D:1)
11 creatures vanquished.

Notes
Turn   | Place    | Note
-------+----------+-------------------------------------------
     0 | D:1      | Aviak the Ghoul Earth Elementalist began the quest for the
                  | Orb.
     0 | D:1      | Reached XP level 1. HP: 14/14 MP: 2/2
    32 | D:1      | Reached XP level 2. HP: 6/22 MP: 3/3
   349 | D:1      | HP: 1/21 [hobgoblin (4)]
   351 | D:1      | Reached skill level 1 in Fighting
   351 | D:1      | Reached skill level 1 in Unarmed Combat
   390 | D:1      | Slain by a kobold

Illustrated notes

Levels and vault maps discovered:
D:1:      onia_arrival_handbag, layout_basic, kennysheep_boxes

Skill      XL: |  1  2 |
---------------+-------+-----
Dodging        | 2 |  2.1
Fighting       | 1 |  1.0
Unarmed Combat | 1 |  1.1
Stealth        | |  2.1
Spellcasting   | |  1.7
Transmutations | |  0.8
Earth Magic    | |  3.2

Action                   || total
-------------------------++-------
Melee: Unarmed           ||    40
 Cast: Sandblast         ||     5
Armor: Robe              ||     4
Dodge: Dodged            ||    31
